 Dungeon Crawl Stone Soup version 0.28.0-43-g3370ac3207 (webtiles) character file.

Game seed: 13722705740931936889

1837 DemonSlayer the Thaumaturge (level 8, -5/42 HPs)
             Began as a Deep Elf Fire Elementalist on Mar 2, 2022.
             Slain by a kobold brigand
             ... wielding a +0 short sword
              (7 damage)
             ... on level 7 of the Dungeon.
             The game lasted 00:12:39 (8116 turns).

DemonSlayer the Thaumaturge (DEFE)                  Turns: 8116, Time: 00:12:39

Health: -5/42      AC:  4    Str:  5    XL:     8   Next: 87%
Magic:  15/22      EV: 12    Int: 35    God:
Gold:   335        SH:  0    Dex: 15    Spells: 11/24 levels left

rFire   . . .      SeeInvis .   c - +0 war axe (chaos)
rCold   . . .      Faith    .   (no shield)
rNeg    . . .      Spirit   .   o - +0 troll leather armour
rPois   .          Reflect  .   (no helmet)
rElec   .          Harm     .   (no cloak)
rCorr   .          Rampage  .   (no gloves)
Will    .....                   (no boots)
Stlth   ++........              (no amulet)
HPRegen 0.94/turn               n - +6 ring of intelligence
MPRegen 0.18/turn               j - +6 ring of intelligence

@: attractive, slowed, very slow
A: no striking features
a: no special abilities


You were on level 7 of the Dungeon.
You visited 1 branch of the dungeon, and saw 7 of its levels.

You collected 335 gold pieces.

Inventory:

Hand Weapons
 c - a +0 war axe of chaos (weapon)
Armour
 d - a +0 robe of willpower
 o - a +0 troll leather armour (worn)
Jewellery
 b - a +4 ring of protection
 j - a +6 ring of intelligence (right hand)
 n - a +6 ring of intelligence (left hand)
Scrolls
 e - a scroll of magic mapping
 g - 3 scrolls of enchant weapon {unknown}
 i - a scroll of holy word {unknown}
 l - a scroll of amnesia
Potions
 a - a potion of brilliance


   Skills:
 + Level 0.3 Fighting
 + Level 0.2 Axes
 + Level 0.3 Armour
 + Level 3.2 Dodging
 + Level 4.0 Stealth
 + Level 8.6 Spellcasting
 + Level 7.3 Conjurations
 + Level 7.4 Fire Magic


You had 11 spell levels left.
You knew the following spells:

 Your Spells              Type           Power      Damage    Failure   Level
a - Foxfire               Conj/Fire      100%       2x1d9     1%          1
b - Scorch                Fire           100%       2d10      1%          2
c - Conjure Flame         Conj/Fire      61%        6-21      1%          3
d - Inner Flame           Hex/Fire       41%        N/A       3%          3
e - Flame Wave            Conj/Fire      61%        2d12      2%          4

Your spell library contained the following spells:

 Spells                   Type           Power      Damage    Failure   Level


Dungeon Overview and Level Annotations

Branches:
Dungeon (7/15)
 Temple: D:4-7

Altars:

Annotations:
D:3 Eustachio


Message History

There is not enough space to conjure foxfire!
Your foxfire dissipates!
You feel sick.
The foxfire hits the kobold!
You kill the kobold!
The foxfire hits the kobold brigand.
The kobold brigand is moderately wounded.
The kobold brigand throws a curare-tipped dart.
The curare-tipped dart barely misses you.
You conjure some foxfire!
You feel sick.
You conjure some foxfire!
You feel sick.
You are no longer poisoned.
The foxfire hits the kobold brigand.
The kobold brigand is heavily wounded.
The foxfire hits the kobold brigand.
The kobold brigand is heavily wounded.
You conjure some foxfire!
The kobold brigand hits you with a +0 short sword.
There is not enough space to conjure foxfire!
There is not enough space to conjure foxfire!
You barely miss the kobold brigand.
The kobold brigand is heavily wounded.
You hear the faint creaking of a portcullis very nearby.
The foxfire hits the kobold brigand.
The kobold brigand is severely wounded.
The foxfire hits the kobold brigand.
The kobold brigand is severely wounded.
The kobold brigand hits you with a +0 short sword!
The kobold brigand hits you with a +0 short sword. x2
* * * LOW HITPOINT WARNING * * *
You are too injured to fight recklessly!
It was a potion of attraction.
You feel attractive to monsters.
The kobold brigand hits you with a +0 short sword.
* * * LOW HITPOINT WARNING * * *
You barely miss the kobold brigand.
The kobold brigand is severely wounded.
The kobold brigand hits you with a +0 short sword.
* * * LOW HITPOINT WARNING * * *
The kobold brigand hits you with a +0 short sword!
You die...

*,** *...* ****,**** *,* *...*
*,* *,* *#.#* ****,***** #+## #.#
*,,,,,,,,* ...## #.# *,**,***,* *
....## ####v# *,**,***,* **
.....## ##.##ยง# *,#*,**,,* **,
......####...#.####.##...,,****,,
......'.......#.@K.).))..,,,,,+,,
......####...###.######..,,****,,
.....## ##.## ##.#* **,*,** **,
....## #.## *#.# *,,*** ** ...##
##,** **,## *,** * #+## **,***,**
*,* *,* *,,*,** *,* ******* *,*
*,*,** *,* **,,,,,* *,*** *,***
*,* *,,,,,,*


You could see a kobold brigand.

Vanquished Creatures
  A troll (D:5)
  An orc warrior (D:6)
  2 black bears
  An ogre (D:4)
  2 necrophages (D:5)
  A centaur (D:5)
  2 phantoms
  Blork the orc (D:4)
  A gnoll sergeant (D:6)
  3 scorpions
  A hound (D:5)
  2 orc priests (D:6)
  3 iguanas (D:5)
  A jelly (D:4)
  2 bullfrog skeletons (D:4)
  2 orc wizards (D:6)
  A killer bee zombie (D:5)
  A hound skeleton (D:4)
  9 gnolls
  4 adders
  An ufetubus (D:3)
  2 adder skeletons (D:4)
  2 worms
  A dart slug (D:3)
  7 orcs
  7 ball pythons
  5 bats
  7 endoplasms
  2 giant cockroaches
  6 goblins
  4 hobgoblins
  8 jackals
  7 kobolds
  4 quokkas
  5 rats
109 creatures vanquished.

Vanquished Creatures (others)
  727 foxfires
727 creatures vanquished.

Grand Total: 836 creatures vanquished

Notes
Turn   | Place    | Note
-------+----------+-------------------------------------------
     0 | D:1      | DemonSlayer the Deep Elf Fire Elementalist began the quest
                  | for the Orb.
     0 | D:1      | Reached XP level 1. HP: 10/10 MP: 6/6
   207 | D:1      | Reached XP level 2. HP: 15/15 MP: 1/8
  1237 | D:1      | Learned a level 2 spell: Scorch
  1514 | D:2      | Found a faded altar of an unknown god.
  1655 | D:2      | Reached XP level 3. HP: 19/19 MP: 3/10
  1754 | D:2      | Learned a level 3 spell: Conjure Flame
  2579 | D:3      | Reached skill level 4 in Spellcasting
  3273 | D:3      | Reached XP level 4. HP: 24/24 MP: 8/12
  3789 | D:4      | Noticed Blork the orc
  3859 | D:4      | Noticed a phantom
  4045 | D:4      | Noticed Eustachio
  4052 | D:3      | HP: 1/24 [Eustachio/+0 rapier (7)]
  4561 | D:3      | You fall into a shaft and drop 1 floor!
  4643 | D:4      | Killed Blork the orc
  4644 | D:4      | Reached XP level 5. HP: 28/28 MP: 7/14
  4715 | D:4      | Reached skill level 5 in Spellcasting
  5330 | D:4      | Learned a level 3 spell: Inner Flame
  5335 | D:4      | Learned a level 4 spell: Flame Wave
  5411 | D:4      | Reached skill level 5 in Fire Magic
  5411 | D:4      | Reached XP level 6. HP: 32/32 MP: 2/15
  5837 | D:4      | Reached skill level 6 in Spellcasting
  5837 | D:4      | Reached XP level 7. HP: 36/36 MP: 8/18
  6374 | D:5      | Entered Level 5 of the Dungeon
  6386 | D:5      | Reached skill level 5 in Conjurations
  6633 | D:5      | Reached skill level 7 in Spellcasting
  6798 | D:5      | Reached XP level 8. HP: 41/41 MP: 14/20
  7191 | D:5      | Noticed a troll
  7198 | D:5      | Killed a troll
  7199 | D:5      | Reached skill level 8 in Spellcasting
  8116 | D:7      | HP: 2/42 [kobold brigand/+0 short sword (6)]
  8116 | D:7      | Slain by a kobold brigand

Illustrated notes

Levels and vault maps discovered:
D:1:      lightli_arrival_statue_moat, layout_basic, serial_curves,
          eino_curves_02, eino_curves_02, eino_curves_01
D:2:      layout_loops_ring, chequers_ecumenical_altar_simple_redux
D:3:      layout_loops_ring
D:4:      layout_rooms, uniq_blork_the_orc, uniq_eustachio
D:5:      layout_gridville, st_stairs_2, hex_large
D:6:      minmay_opposing_rooms, layout_loops_cross,
          minmay_temple_entry_statues, serial_rivers,
          chequers_serial_rivers_micro_d, chequers_serial_rivers_micro_b,
          chequers_serial_rivers_micro_c, chequers_serial_rivers_micro_b
D:7:      layout_loops_corners, old_standard_altar, enter_bailey_2,
          grunt_ministairs_12, amcnicky_mini_pool_small

Skill      XL: |  1  2  3  4  5  6  7  8 |
---------------+-------------------------+-----
Fire Magic     | 4 5 6 7 |  7.4
Spellcasting   | 4 5 6 7 8 |  8.6
Conjurations   | 2 3 4 5 7 |  7.3
Stealth        | 3 4 |  4.0
Dodging        | 3 |  3.2
Fighting       | |  0.3
Axes           | |  0.2
Armour         | |  0.3

Action                   |  1- 3 |  4- 6 |  7- 9 || total
-------------------------+-------+-------+-------++-------
Melee: Unarmed           |     4 |     4 |       ||     8
       War axe           |       |     7 |     3 ||    10
 Cast: Foxfire           |   171 |   110 |   177 ||   458
  Use: Potion            |       |     3 |     3 ||     6
       Scroll            |       |     2 |     5 ||     7
Armor: Robe              |     5 |     7 |     3 ||    15
       Skin              |       |     2 |       ||     2
Dodge: Dodged            |    14 |    17 |    14 ||    45
